 Dungeon Crawl Stone Soup version 0.29.1-2-gbd0b4ee654 (console) character file.

Game seed: 15125083858367369191

56 Goreval the Insei (level 3, -1/27 HPs)
             Began as a Merfolk Transmuter on Nov 11, 2022.
             Was a Believer of Lugonu.
             Slain by a gnoll
             ... wielding a +0 club
              (6 damage)
             ... on level 2 of the Dungeon.
             The game lasted 00:06:07 (2318 turns).

Goreval the Insei (Merfolk Transmuter)              Turns: 2318, Time: 00:06:07

Health: -1/27      AC:  2    Str: 10    XL:     3   Next: 95%
Magic:  6/6        EV: 13    Int: 14    God:    Lugonu [**....]
Gold:   82         SH:  0    Dex: 14    Spells: 0/6 levels left

rFire   . . .      SeeInvis .     - Unarmed
rCold   . . .      Faith    .   (no shield)
rNeg    . . .      Spirit   .   a - +0 robe
rPois   .          Reflect  .   (no helmet)
rElec   .          Harm     +   i - scarf {harm}
rCorr   .          Rampage  .   (no gloves)
Will    .....                   (no boots)
Stlth   +.........              (no amulet)
HPRegen 0.09/turn               (no ring)
MPRegen 0.10/turn               (no ring)

@: no status effects
A: (nimble swimmer 2), mertail
a: Renounce Religion, Depart the Abyss, Bend Space


You were on level 2 of the Dungeon.
You worshipped Lugonu.
Lugonu was pleased with you.
You visited 1 branch of the dungeon, and saw 2 of its levels.

You collected 82 gold pieces.

Inventory:

Armour
 a - a +0 robe (worn)
 i - a scarf of harm (worn)
 j - +0 fire dragon scales
Jewellery
 g - a ring of positive energy
Wands
 n - a wand of charming (4)
Scrolls
 k - 2 scrolls of identify {unknown}
 l - a scroll of teleportation {unknown}
 m - a scroll of summoning {unknown}
Potions
 b - a potion of lignification
 c - a potion of resistance {unknown}
 d - 2 potions of mutation {unknown}
 e - a potion of might {unknown}
 f - 2 potions of attraction {unknown}
 h - a potion of degeneration {unknown}


   Skills:
 + Level 1.6 Fighting
 + Level 3.2 Dodging
 * Level 4.0 Unarmed Combat
 + Level 2.2 Spellcasting
 * Level 3.6 Transmutations
 + Level 0.2 Poison Magic


You couldn't memorise any spells.
You knew the following spells:

 Your Spells              Type           Power      Damage    Failure   Level
a - Beastly Appendage     Tmut           22%        N/A       5%          1
b - Wereblood             Tmut           11%        N/A       8%          2
c - Spider Form           Tmut/Pois      6%         N/A       32%         3

Your spell library contained the following spells:

 Spells                   Type           Power      Damage    Failure   Level
 Scorch                   Fire           2%         2d5       34%         2
 Ice Form                 Ice/Tmut       6%         N/A       73%         4
 Flame Wave               Conj/Fire      1%         2d4       93%         4
 Summon Cactus Giant      Summ           0%         N/A       100%        6


Dungeon Overview and Level Annotations

Branches:
Dungeon (2/15)

Altars:
Lugonu


Innate Abilities, Weirdness & Mutations

((You are very nimble when in or above water. (Stealth+, EV+, Speed+++)))
Your lower body shifts to a powerful aquatic tail in water.


Message History

You are too injured to fight recklessly!
You are too injured to fight recklessly!
You are too injured to fight recklessly!
You are too injured to fight recklessly!
You are too injured to fight recklessly!
You are too injured to fight recklessly!
You are too injured to fight recklessly!
You are too injured to fight recklessly!
You are too injured to fight recklessly!
You are too injured to fight recklessly!
You are too injured to fight recklessly!
You are too injured to fight recklessly!
You are too injured to fight recklessly!
You are too injured to fight recklessly!
You are too injured to fight recklessly!
You are too injured to fight recklessly!
You are too injured to fight recklessly!
You are too injured to fight recklessly!
Unknown command.
The gnoll barely misses you. The gnoll attacks as you move away!
The gnoll barely misses you.
You hit the gnoll.
You kill the gnoll!
Lugonu accepts your kill.
The gnoll hits you from afar with a +0 spear of freezing.
* * * LOW HITPOINT WARNING * * *
The gnoll freezes you.
* * * LOW HITPOINT WARNING * * *
Your Unarmed Combat skill increases to level 4!
Your transformation is almost over.
Things that are here:
a +0 whip; a gnoll corpse As you open the door, it creaks loudly!
Your horns disappear.
There is an open door here.
There is an open door here.
You see here 5 stones.
The gnoll shouts!
The gnoll attacks as you move away! The gnoll hits you with a +0 club.
You die...

##...#######.......... ..# #.....[.# ##...###.# #.#
#..........##.#.###### ## ######### ##)## #.#######.#
#......>.#.##.#.# #.# #.........# #.....##........# #.#
########### ##........<##.### #.# ############.# ######### #.#
#.# #.......# #.# #.# #.#####.## #.# ### #.# #........# #.#
##.## #.# #.#####..##### #.# #####.#.# #.# #.# #....†...# #.#
#....###. ######.## #.###.#..###.###.## #.###.#.#
#####...#...####. #.#.......##.##...## #.####.##
#####................ #.#.......##.#.....# #.##.....
#.......#...#...####. #.........##.##...#####.##.####
#.###.#.######.## ###...###.##............##.# #.# #.#.# #.#
#...# #.######.#########[# #.###.#.# #.# # #...# #.# #.# #.#
#.#...#.# ##'## .# #...###.# ##+## #.#### #.#.###.# ##...##
#######.# #.......#####...## #..... #.#.###.# ##.....## .......
###.......##..<..## ####.# #.......###.......## ##.#.#
#..####.#.......## ##.##.#
###...####[........####....##########...###..........####.....#
#.......+.........'g.@................†.............'.......##
##...####.........#.g.......########...###..........####...##
##.#.## ##.......##.###.#.#.# #...###.#.......## #..## #.###.#
##.....###.# ###.#.# #.......##.....## #.## ##.#.## ##...## #.#
..#.# ###.#######...## #.# #..## ###'#####.# .###.# #.# ##+##
#.# #.## #....g..#.# #. #.# #.# #.# #.# #.#.###.#.# # #.# #.#
#.# #.# #.#.###.#.. ..# #.# #.# #.# #....##g#####.# #.# #.# #.#
#............?# #. ..# #.#########....##.#######
#...........#..##[# ###########.......# #....#### ######


You could see 2 gnolls.

Vanquished Creatures
  A gnoll (D:2)
  3 endoplasms
  3 giant cockroaches
  4 goblins
  3 hobgoblins
  7 jackals (D:1)
  3 kobolds
  A quokka (D:1)
  4 ball pythons
  3 bats
  3 frilled lizards
  8 rats
43 creatures vanquished.

Vanquished Creatures (others)
  A fungus (D:1)
  3 plants (D:1)
4 creatures vanquished.

Grand Total: 47 creatures vanquished

Notes
Turn   | Place    | Note
-------+----------+-------------------------------------------
     0 | D:1      | Goreval the Merfolk Transmuter began the quest for the Orb.
     0 | D:1      | Reached XP level 1. HP: 15/15 MP: 3/3
   294 | D:1      | Reached XP level 2. HP: 17/21 MP: 3/5
   299 | D:1      | Learned a level 2 spell: Wereblood
   940 | D:1      | Found a faded altar of an unknown god.
   952 | D:1      | Prayed at the altar of an unknown god.
   952 | D:1      | Became a worshipper of Lugonu the Unformed
   952 | D:1      | Reached * piety under Lugonu
   952 | D:1      | Reached ** piety under Lugonu
  1152 | D:1      | Reached XP level 3. HP: 26/26 MP: 6/6
  1156 | D:1      | Learned a level 3 spell: Spider Form
  2293 | D:2      | Reached skill level 4 in Unarmed Combat
  2318 | D:2      | Slain by a gnoll

Illustrated notes

Levels and vault maps discovered:
D:1:      wander_arrival_fairy_ring, layout_basic, basic_ecumenical_altar
D:2:      layout_loops_corners

Skill      XL: |  1  2  3 |
---------------+----------+-----
Transmutations | 3 |  3.6
Dodging        | 3 |  3.2
Unarmed Combat | 4 |  4.0
Fighting       | |  1.6
Spellcasting   | |  2.2
Poison Magic   | |  0.2

Action                   || total
-------------------------++-------
Melee: Unarmed           ||   138
       Headbutt          ||    10
       Punch             ||     1
Throw: Stone             ||     9
 Cast: Beastly Appendage ||    14
       Wereblood         ||     1
 Stab: Sleeping          ||     1
Armor: Robe              ||    23
Dodge: Dodged            ||    74
